 Dungeon Crawl Stone Soup version 0.29-a0-321-gf1c400731a (webtiles) character file.

Game seed: 730901028386686652

77 Morbidden the Skirmisher (level 4, 33/35 HPs)
             Began as a Demonspawn Fighter on Apr 3, 2022.
             Quit the game on level 2 of the Dungeon.
             The game lasted 00:01:16 (1150 turns).

Morbidden the Skirmisher (Demonspawn Fighter)       Turns: 1150, Time: 00:01:17

Health: 33/35      AC:  6    Str: 18    XL:     4   Next: 13%
Magic:  5/5        EV: 13    Int:  9    God:
Gold:   74         SH:  4    Dex: 13    Spells: 4/5 levels left

rFire   . . .      SeeInvis .   a - +0 war axe
rCold   . . .      Faith    .   c - +0 buckler
rNeg    . . .      Spirit   .   b - +0 scale mail
rPois   .          Reflect  .   (helmet restricted)
rElec   .          Harm     .   (no cloak)
rCorr   .          Rampage  .   (no gloves)
Will    .....                   (no boots)
Stlth   ..........              (no amulet)
HPRegen 1.11/turn               i - +4 ring of evasion
MPRegen 0.09/turn               (no ring)

@: no status effects
A: antennae 1, powered by death 1, spiny 1
a: no special abilities


You were on level 2 of the Dungeon.
You visited 1 branch of the dungeon, and saw 2 of its levels.

You collected 74 gold pieces.

Inventory:

Hand Weapons
 a - a +0 war axe (weapon)
Armour
 b - a +0 scale mail (worn)
 c - a +0 buckler (worn)
Jewellery
 i - a +4 ring of evasion (left hand)
Scrolls
 f - a scroll of amnesia {unknown}
 h - a scroll of identify {unknown}
 m - a scroll of fear {unknown}
 n - a scroll of acquirement {unknown}
 o - a scroll of teleportation {unknown}
Potions
 d - a potion of might
 e - a potion of ambrosia {unknown}
 g - 2 potions of degeneration {unknown}
 j - a potion of flight {unknown}
 k - a potion of mutation {unknown}
 l - 2 potions of attraction {unknown}


   Skills:
 * Level 3.3 Fighting
 * Level 2.2 Axes
 + Level 2.9 Armour
 * Level 0.5 Dodging
 + Level 3.2 Shields
 * Level 1.0 Spellcasting
 * Level 0.5 Transmutations
 * Level 0.7 Poison Magic


You had 4 spell levels left.
You knew the following spells:

 Your Spells              Type           Power      Damage    Failure   Level
a - Sting                 Tmut/Pois      4%         1d3       75%         1

Your spell library contained the following spells:

 Spells                   Type           Power      Damage    Failure   Level
 Animate Skeleton         Necr           0%         N/A       83%         1
 Apportation              Tloc           0%         N/A       83%         1
 Summon Small Mammal      Summ           0%         N/A       83%         1
 Poisonous Vapours        Pois/Air       2%         N/A       90%         2
 Olgreb's Toxic Radiance  Pois           1%         N/A       100%        4


Dungeon Overview and Level Annotations

Branches:
Dungeon (2/15)

Altars:


Innate Abilities, Weirdness & Mutations

You have a pair of small antennae on your head.
You regenerate a little health from kills.
You are partially covered in sharp spines.


Message History

No target in view!
Key pressed, stopping explore.
No target in view!
You open the door.
There is an open door here.
Key pressed, stopping explore.
No target in view!
Key pressed, stopping explore.
No target in view!
No target in view!
An adder comes into view.
The adder hisses angrily.
An adder is nearby!
Found 14 gold pieces.
A goblin comes into view. It is wielding a +0 dagger.
There are monsters nearby!
You miss the adder. The adder bites you but does no damage.
The adder is struck by your spines. The adder bites you but does no damage.
There are monsters nearby!
You miss the adder.
The adder is heavily wounded.
The adder is struck by your spines. The adder bites you.
There are monsters nearby!
You miss the adder.
The adder is severely wounded.
The adder is struck by your spines. The adder barely misses you. x2
There are monsters nearby!
You hit the adder.
You kill the adder!
The goblin closely misses you.
You have reached level 4!
You feel agile.
Your demonic ancestry asserts itself...
A pair of antennae grows on your head!
You slash the goblin!
You kill the goblin!
No target in view!
No target in view!
Autopickup is now off.
Autopickup is now on.
Are you sure you want to abandon this character and quit the game? (Confirm with "yes".)

#.$ ..# ##.. ..## #...
... ... ..# .. .. # #.
.# #. #.###)#†# #.
#.....@.# #.# ####...##
#.# ##.....## ####.##
#.......## ##.....#
#.........####...#..###
+.........'............
#.........####...##.###
##.......## ##.......#
##.....## #.###.#.#


There were no monsters in sight!

Vanquished Creatures
  Terence (D:2)
  2 adders (D:2)
  A dart slug (D:2)
  An endoplasm (D:2)
  7 goblins
  3 hobgoblins (D:1)
  3 kobolds
  3 quokkas (D:1)
  2 ball pythons (D:1)
  4 bats
  A frilled lizard (D:1)
  5 rats
  A spectral hobgoblin (D:2)
34 creatures vanquished.

Notes
Turn   | Place    | Note
-------+----------+-------------------------------------------
     0 | D:1      | Morbidden the Demonspawn Fighter began the quest for the
                  | Orb.
     0 | D:1      | Reached XP level 1. HP: 18/18 MP: 1/1
   375 | D:1      | Gained mutation: You are partially covered in sharp spines.
                  | [demonic ancestry]
   375 | D:1      | Reached XP level 2. HP: 21/24 MP: 2/2
   378 | D:1      | Learned a level 1 spell: Sting
   835 | D:2      | Found a faded altar of an unknown god.
   846 | D:2      | Gained mutation: You regenerate a little health from kills.
                  | [demonic ancestry]
   846 | D:2      | Reached XP level 3. HP: 19/29 MP: 3/3
   984 | D:2      | Noticed Terence
   990 | D:2      | Killed Terence
   991 | D:2      | Reached skill level 1 in Spellcasting
  1149 | D:2      | Gained mutation: You have a pair of small antennae on your
                  | head. [demonic ancestry]
  1149 | D:2      | Reached XP level 4. HP: 31/35 MP: 5/5
  1150 | D:2      | Quit the game

Illustrated notes

Levels and vault maps discovered:
D:1:      lightli_arrival_chessboard, layout_loops_ring
D:2:      layout_loops_corners, dreamdust_ecumenical_altar_drowned_temple,
          minmay_cupped, uniq_terence

Skill      XL: |  1  2  3 |
---------------+----------+-----
Shields        | 3 |  3.2
Axes           | 2 |  2.2
Spellcasting   | 1 |  1.0
Fighting       | |  3.3
Armour         | |  2.9
Dodging        | |  0.5
Transmutations | |  0.5
Poison Magic   | |  0.7

Action                   |  1- 3 |  4- 6 || total
-------------------------+-------+-------++-------
Melee: War axe           |    73 |     1 ||    74
Armor: Scale mail        |    29 |       ||    29
Dodge: Dodged            |    35 |       ||    35
Block: Buckler           |    15 |       ||    15

Table legend: (Time is in decaauts)
 A = Elapsed time spent in this place.
 B = Non-inter-level travel time spent in this place.
 C = Inter-level travel time spent in this place.
 D = Time resting spent in this place.
 E = Time spent auto-exploring this place.
 F = Levels seen in this place.
 G = Mean time per level.
                   A        B        C        D        E       F      G
               +--------+--------+--------+--------+--------+-----+--------+
         Total |   1187 |   1163 |     24 |      0 |    955 |   2 |  593.5 |
       Dungeon |   1187 |   1163 |     24 |      0 |    955 |   2 |  593.5 |
               +--------+--------+--------+--------+--------+-----+--------+

Top non-repeatable levels by time:
     D:1: 786 daAuts
     D:2: 401 daAuts
